 Dungeon Crawl Stone Soup version 0.27-a0-203-gd48b2df3c9 (webtiles) character file.

Game seed: 10434587020325670440

56 Lanoc the Twirler (level 3, -2/22 HPs)
             Began as a Gargoyle Gladiator on Jan 30, 2021.
             Killed from afar by Sigmund (4 damage)
             ... with a magic dart
             ... on level 3 of the Dungeon.
             The game lasted 00:01:19 (1107 turns).

Lanoc the Twirler (Gargoyle Gladiator)              Turns: 1107, Time: 00:01:20

Health: -2/22      AC:  7    Str: 17    XL:     3   Next: 95%
Magic:  3/3        EV: 12    Int:  8    God:
Gold:   88         SH:  0    Dex: 12    Spells: 2/2 levels left

rFire    . . .     SeeInvis .   a - +0 quarterstaff
rCold    . . .     Faith    .   (shield currently unavailable)
rNeg     + . .     Spirit   .   b - +0 leather armour
rPois    ∞         Reflect  .   c - +0 helmet
rElec    +         Harm     .   (no cloak)
rCorr    .         Rampage  .   (no gloves)
Will     .....                  (no boots)
Stlth    +.........             (no amulet)
HPRegen  0.07/turn              (no ring)
MPRegen  0.08/turn              (no ring)

@: no status effects
A: negative energy resistance 1, electricity resistance, unbreathing,
petrification resistance, miasma immunity, AC +3
a: no special abilities


You were on level 3 of the Dungeon.
You visited 1 branch of the dungeon, and saw 3 of its levels.

You collected 88 gold pieces.

Inventory:

Hand Weapons
 a - a +0 quarterstaff (weapon)
Missiles
 d - 3 throwing nets (quivered)
Armour
 b - a +0 leather armour (worn)
 c - a +0 helmet (worn)
Scrolls
 e - 2 scrolls of identify {unknown}
 f - 2 scrolls of remove curse {unknown}
 g - a scroll of enchant weapon {unknown}
 k - a scroll of magic mapping {unknown}
 l - a scroll of enchant armour {unknown}
Potions
 h - a potion of flight


   Skills:
 + Level 2.9 Fighting
 * Level 3.9 Staves
 - Level 1.7 Throwing
 + Level 2.8 Dodging


You had 2 spell levels left.
You didn't know any spells.
Your spell library was empty.

Dungeon Overview and Level Annotations

Branches:
Dungeon (3/15)

Altars:

Annotations:
D:3 Sigmund


Innate Abilities, Weirdness & Mutations

You are resistant to torment.
Your stone body is resilient. (AC +3)
You are immune to poison.
You resist negative energy. (rN+)
You are resistant to electric shocks. (rElec)
You can survive without breathing.
You are immune to petrification.
You are immune to miasma.


Message History

You fly up into the air.
Something hits you but does no damage.
It was a potion of curing.
You feel better.
You hear some strange, mumbled words.
Something tries to affect you, but you resist.
You sock something!
You hear some strange, mumbled words.
Something tries to affect you, but you resist.
You completely miss something. Something hits you!
* * * LOW HITPOINT WARNING * * *
It was a potion of cancellation.
Your magical effects are unravelling.
You feel magically purged.
You float gracefully downwards.
Something hits you but does no damage.
You feel better.
You feel better. Something hits you!
Ouch! That really hurt!
* * * LOW HITPOINT WARNING * * *
x2 A magic dart appears from out of thin air!
The magic dart hits you.
You die...

#...#####.# #
########......##.###
#.....##...##..#....
#.................##
#.....######.#..#.##
#.....# #.##....#
#.....# #.###...#
###.### #. #.#.. #@#
## #.##. #.# ..###
#{# #..# # #.# #..
#.# #.. ... ... ...
#....


There were no monsters in sight!

Vanquished Creatures
  An adder (D:3)
  2 dart slugs (D:1)
  4 leopard geckos
  An orc (D:3)
  4 goblins
  5 hobgoblins
  5 jackals
  5 kobolds (D:1)
  A ball python (D:1)
  5 bats
  4 rats
37 creatures vanquished.

Notes
Turn   | Place    | Note
-------+----------+-------------------------------------------
     0 | D:1      | Lanoc the Gargoyle Gladiator began the quest for the Orb.
     0 | D:1      | Reached XP level 1. HP: 12/12 MP: 1/1
   109 | D:1      | Reached XP level 2. HP: 18/18 MP: 2/2
   385 | D:1      | Reached XP level 3. HP: 11/22 MP: 3/3
  1088 | D:3      | Noticed Sigmund
  1107 | D:3      | Killed from afar by Sigmund

Illustrated notes

Levels and vault maps discovered:
D:1:      arrival_zaba_pyramid, layout_basic, minmay_pentomino_u2
D:2:      layout_rooms, kennysheep_generic_room_12, uniq_natasha
D:3:      layout_rooms, uniq_sigmund

Action                   || total
-------------------------++-------
Melee: Quarterstaff      ||   121
  Use: Potion            ||     5
Armor: Leather armour    ||    69
Dodge: Dodged            ||    96

Table legend: (Time is in decaauts)
 A = Elapsed time spent in this place.
 B = Non-inter-level travel time spent in this place.
 C = Inter-level travel time spent in this place.
 D = Time resting spent in this place.
 E = Time spent auto-exploring this place.
 F = Levels seen in this place.
 G = Mean time per level.
                   A        B        C        D        E       F      G
               +--------+--------+--------+--------+--------+-----+--------+
         Total |   1121 |   1080 |     41 |      0 |    848 |   3 |  373.7 |
       Dungeon |   1121 |   1080 |     41 |      0 |    848 |   3 |  373.7 |
               +--------+--------+--------+--------+--------+-----+--------+

Top non-repeatable levels by time:
     D:1: 799 daAuts
     D:3: 310 daAuts
     D:2: 11 daAuts
